PIO
OREM OWLZ @ GREAT FALLS VOYAGERS
08/02/2099
 
TOP OF THE 1ST
Orem Owlz batting - Pitching for Great Falls Voyagers : RHP Seth Whaley
Pitching: RHP Seth Whaley
Batting: RHB Dave Blair 0-0: Reached on error, E5 (Groundball, 56S, EV 82.5 MPH)
Batting: RHB Adrian Harris 0-0: Called Strike
0-1: Ball
1-1: Called Strike
1-2: Ball
2-2: Fly out, F8 (Flyball, 8LD, EV 105.0 MPH)
Batting: LHB Ryan Tustin 0-0: Called Strike
0-1: Called Strike
0-2: Ball
1-2: Foul Ball, location: 5SF
1-2: Grounds into double play, 4-6-3 (Groundball, 4, EV 95.6 MPH)
Top of the 1st over - 0 runs, 0 hits, 1 error, 0 left on base; Orem 0 - Great Falls 0
BOTTOM OF THE 1ST
Great Falls Voyagers batting - Pitching for Orem Owlz : LHP Steve Markussen
Pitching: LHP Steve Markussen
Batting: RHB Levi Wanamaker 0-0: Ball
1-0: Called Strike
1-1: Foul Ball, location: 2F
1-2: DOUBLE (Line Drive, 89D, EV 97.5 MPH)
Batting: RHB Andy Rossi 0-0: Ball
1-0: Fly out, F3 (Popup, 3L, EV 53.8 MPH)
Batting: RHB Miguel Sanchez 0-0: Called Strike
0-1: Ball
1-1: Called Strike
1-2: Ground out 6-3 (Groundball, 6, EV 97.5 MPH)
Levi Wanamaker to third
Batting: RHB Chris Heflin 0-0: Ball
1-0: Foul Ball, location: 2F
1-1: Fly out, F9 (Flyball, 89M, EV 92.5 MPH)
Bottom of the 1st over - 0 runs, 1 hit, 0 errors, 1 left on base; Orem 0 - Great Falls 0
TOP OF THE 2ND
Orem Owlz batting - Pitching for Great Falls Voyagers : RHP Seth Whaley
Batting: LHB Chad Smith 0-0: Called Strike
0-1: Ball
1-1: DOUBLE (Line Drive, 89D, EV 93.1 MPH)
Batting: RHB Luis Trevino 0-0: Ball
1-0: Ball
2-0: Foul Ball, location: 2F
2-1: Foul Ball, location: 9LDF
2-2: Ball
3-2: 2-RUN HOME RUN (Flyball, 9LD, EV 95.0 MPH), Distance : 340 ft
Batting: LHB Raul Paredes 0-0: Ball
1-0: Ball
2-0: Fly out, F8 (Flyball, 8LM, EV 91.9 MPH)
Batting: RHB Brent Little 0-0: Foul Ball, location: 2F
0-1: Ball
1-1: Fly out, F9 (Flyball, 9, EV 95.6 MPH)
Batting: RHB Ruben Hernandez 0-0: Fly out, F8 (Line Drive, 78S, EV 94.4 MPH)
Top of the 2nd over - 2 runs, 2 hits, 0 errors, 0 left on base; Orem 2 - Great Falls 0
BOTTOM OF THE 2ND
Great Falls Voyagers batting - Pitching for Orem Owlz : LHP Steve Markussen
Batting: RHB Adam Ambrose 0-0: Ground out 3-1 (Groundball, 34, EV 80.0 MPH)
Batting: SHB Nick Shumate 0-0: Foul Ball, location: 23FF
0-1: Ball
1-1: Called Strike
1-2: Ball
2-2: Ball
3-2: Ground out 6-3 (Groundball, 6, EV 80.6 MPH)
Batting: LHB Sam Peters 0-0: Ball
1-0: Called Strike
1-1: Swinging Strike
1-2: Ground out 2-3 (Groundball, 13S, EV 72.5 MPH)
Bottom of the 2nd over - 0 runs, 0 hits, 0 errors, 0 left on base; Orem 2 - Great Falls 0
TOP OF THE 3RD
Orem Owlz batting - Pitching for Great Falls Voyagers : RHP Seth Whaley
Batting: RHB Jim Unknown 0-0: Ball
1-0: Foul Ball, location: 2F
1-1: Ball
2-1: Called Strike
2-2: Strikes out looking
Batting: RHB Dave Blair 0-0: Foul Ball, location: 2F
0-1: Swinging Strike
0-2: Strikes out looking
Batting: RHB Adrian Harris 0-0: Called Strike
0-1: Foul Ball, location: 3F
0-2: Foul Ball, location: 2F
0-2: Ball
1-2: Ground out 5-3 (Groundball, 56S, EV 84.4 MPH)
Top of the 3rd over - 0 runs, 0 hits, 0 errors, 0 left on base; Orem 2 - Great Falls 0
BOTTOM OF THE 3RD
Great Falls Voyagers batting - Pitching for Orem Owlz : LHP Steve Markussen
Batting: RHB Antonio Estrada 0-0: Ground out 4-3 (Groundball, 4, EV 95.0 MPH)
Batting: LHB Mike Deeley 0-0: Ball
1-0: Ground out 1-3 (Groundball, P, EV 73.1 MPH)
Batting: RHB Levi Wanamaker 0-0: Ball
1-0: Ball
2-0: Ball
3-0: Called Strike
3-1: Base on Balls
Batting: RHB Andy Rossi 0-0: Ball
1-0: Ground out 4-3 (Groundball, 4, EV 103.8 MPH)
Bottom of the 3rd over - 0 runs, 0 hits, 0 errors, 1 left on base; Orem 2 - Great Falls 0
TOP OF THE 4TH
Orem Owlz batting - Pitching for Great Falls Voyagers : RHP Seth Whaley
Batting: LHB Ryan Tustin 0-0: Ball
1-0: Swinging Strike
1-1: Foul Ball, location: 5DF
1-2: Foul Ball, location: 25F
1-2: DOUBLE (Line Drive, 9LM, EV 101.9 MPH)
Batting: LHB Chad Smith 0-0: Ball
1-0: Ground out 4-3 (Groundball, 4, EV 91.3 MPH)
Ryan Tustin to third
Batting: RHB Luis Trevino 0-0: Called Strike
0-1: Foul Ball, location: 9LMF
0-2: Foul Ball, location: 9LDF
0-2: Foul Ball, location: 2F
0-2: Strikes out looking
Batting: LHB Raul Paredes 0-0: Called Strike
0-1: Ground out 5-3 (Groundball, 56S, EV 84.4 MPH)
Top of the 4th over - 0 runs, 1 hit, 0 errors, 1 left on base; Orem 2 - Great Falls 0
BOTTOM OF THE 4TH
Great Falls Voyagers batting - Pitching for Orem Owlz : LHP Steve Markussen
Batting: RHB Miguel Sanchez 0-0: Called Strike
0-1: Swinging Strike
0-2: Ball
1-2: Strikes out looking
Batting: RHB Chris Heflin 0-0: Foul Ball, location: 3SF
0-1: Ball
1-1: Foul Ball, location: 5FF
1-2: Strikes out swinging
Batting: RHB Adam Ambrose 0-0: Fly out, F8 (Flyball, 8RD, EV 100.0 MPH)
Bottom of the 4th over - 0 runs, 0 hits, 0 errors, 0 left on base; Orem 2 - Great Falls 0
TOP OF THE 5TH
Orem Owlz batting - Pitching for Great Falls Voyagers : RHP Seth Whaley
Batting: RHB Brent Little 0-0: Called Strike
0-1: Foul Ball, location: 2F
0-2: Foul Ball, location: 3FF
0-2: Ball
1-2: Ball
2-2: Ball
3-2: Fly out, F8 (Line Drive, 8RD, EV 91.9 MPH)
Batting: RHB Ruben Hernandez 0-0: Called Strike
0-1: Foul Ball, location: 25FF
0-2: Foul Ball, location: 7LDF
0-2: Foul Ball, location: 2F
0-2: Ball
1-2: Foul Ball, location: 2F
1-2: Foul Ball, location: 2F
1-2: Ball
2-2: Ball
3-2: Foul Ball, location: 5F
3-2: Ground out 2-3 (Groundball, 2R, EV 69.4 MPH)
Batting: RHB Jim Unknown 0-0: Ground out 6-3 (Groundball, 4MD, EV 81.9 MPH)
Top of the 5th over - 0 runs, 0 hits, 0 errors, 0 left on base; Orem 2 - Great Falls 0
BOTTOM OF THE 5TH
Great Falls Voyagers batting - Pitching for Orem Owlz : LHP Steve Markussen
Batting: SHB Nick Shumate 0-0: Called Strike
0-1: SINGLE (Groundball, 34D, EV 107.5 MPH)
Batting: LHB Sam Peters 0-0: Foul Ball, location: 9LDF
0-1: Ball
1-1: Ball
2-1: Called Strike
2-2: Foul Ball, location: 3F
2-2: Ball
3-2: Base on Balls
Nick Shumate to second
Batting: RHB Antonio Estrada 0-0: Fielders Choice at 2nd, 1-6 (Groundball, 13S, EV 72.5 MPH)
Nick Shumate to third
Pinch Hitting: RHB Justin Cusick 0-0: Ball
1-0: Fielders Choice at 2nd, 3-6 (Groundball, 3, EV 81.9 MPH)
Nick Shumate scores
Batting: RHB Levi Wanamaker 0-0: Called Strike
0-1: Called Strike
0-2: Ball
1-2: Strikes out swinging
Bottom of the 5th over - 1 run, 1 hit, 0 errors, 1 left on base; Orem 2 - Great Falls 1
TOP OF THE 6TH
Orem Owlz batting - Pitching for Great Falls Voyagers : RHP Seth Whaley
Now in CF: Justin Cusick
Batting: RHB Dave Blair 0-0: Ball
1-0: Foul Ball, location: 2F
1-1: SINGLE (Groundball, 2L, EV 69.4 MPH) (infield hit)
Pitching: RHP Luis Cartagena
Batting: RHB Adrian Harris 0-0: SINGLE (Line Drive, 8LS, EV 101.9 MPH)
Dave Blair to second
Batting: LHB Ryan Tustin 0-0: Called Strike
0-1: Foul Ball, location: 5SF
0-2: SINGLE (Groundball, 34D, EV 98.8 MPH)
Dave Blair to third
Adrian Harris to second
Batting: LHB Chad Smith 0-0: Called Strike
0-1: Ball
1-1: Ball
2-1: Foul Ball, location: 2F
2-2: Ball
3-2: Base on Balls
Dave Blair scores
Adrian Harris to third
Ryan Tustin to second
Batting: RHB Luis Trevino 0-0: Called Strike
0-1: SINGLE (Line Drive, 78S, EV 106.9 MPH)
Adrian Harris scores
Ryan Tustin to third
Chad Smith to second
Batting: LHB Raul Paredes 0-0: Ball
1-0: Foul Ball, location: 5SF
1-1: Called Strike
1-2: Foul Ball, location: 2F
1-2: Foul Ball, location: 2F
1-2: Ball
2-2: Ball
3-2: Strikes out swinging
Batting: RHB Brent Little 0-0: Ball
1-0: Foul Ball, location: 2F
1-1: Ball
2-1: Foul Ball, location: 9LMF
2-2: Ball
3-2: DOUBLE (Line Drive, 78D, EV 108.1 MPH)
Ryan Tustin scores
Chad Smith scores
Luis Trevino to third
Pitching: LHP Victor Gutierrez
Batting: RHB Ruben Hernandez 0-0: Ball
1-0: Ball
2-0: Called Strike
2-1: Foul Ball, location: 9LDF
2-2: Ball
3-2: Base on Balls
Batting: RHB Jim Unknown 0-0: Fly out, F6 (Popup, 6, EV 65.6 MPH)
Batting: RHB Dave Blair 0-0: Ball
1-0: Called Strike
1-1: Swinging Strike
1-2: Ball
2-2: SINGLE (Groundball, 6MS, EV 90.6 MPH) (infield hit)
Luis Trevino scores
Brent Little to third
Ruben Hernandez to second
Batting: RHB Adrian Harris 0-0: Called Strike
0-1: Swinging Strike
0-2: Ball
1-2: Foul Ball, location: 2F
1-2: Strikes out swinging
Top of the 6th over - 5 runs, 6 hits, 0 errors, 3 left on base; Orem 7 - Great Falls 1
BOTTOM OF THE 6TH
Great Falls Voyagers batting - Pitching for Orem Owlz : LHP Steve Markussen
Batting: RHB Andy Rossi 0-0: Ball
1-0: Foul Ball, location: 5FF
1-1: Ground out 4-3 (Groundball, 4S, EV 68.1 MPH)
Batting: RHB Miguel Sanchez 0-0: Called Strike
0-1: Swinging Strike
0-2: Ground out 5-3 (Groundball, 5S, EV 77.5 MPH)
Batting: RHB Chris Heflin 0-0: Called Strike
0-1: Ball
1-1: SINGLE (Flyball, 34D, EV 91.3 MPH)
Batting: RHB Adam Ambrose 0-0: Swinging Strike
0-1: Called Strike
0-2: Ball
1-2: Ball
2-2: Foul Ball, location: 3FF
2-2: Ball
3-2: Base on Balls
Chris Heflin to second
Pitching: RHP Juan Santiago
Batting: SHB Nick Shumate 0-0: Foul Ball, location: 2F
0-1: SINGLE (Line Drive, 6MD, EV 95.0 MPH)
Chris Heflin to third
Adam Ambrose to second
Runner from 3rd tries for Home, SAFE, throw by CF to home
Batting: LHB Sam Peters 0-0: Ball
1-0: Called Strike
1-1: Foul Ball, location: 25F
1-2: DOUBLE (Flyball, 78D, EV 98.1 MPH)
Adam Ambrose scores
Nick Shumate to third
Pinch Hitting: SHB Mitch Hickman 0-0: Ball
1-0: Ball
2-0: Called Strike
2-1: Called Strike
2-2: Strikes out looking
Bottom of the 6th over - 2 runs, 3 hits, 0 errors, 2 left on base; Orem 7 - Great Falls 3
TOP OF THE 7TH
Orem Owlz batting - Pitching for Great Falls Voyagers : LHP Victor Gutierrez
Now at 2B: Mitch Hickman
Now at SS: Andy Rossi
Batting: LHB Ryan Tustin 0-0: Called Strike
0-1: Foul Ball, location: 5DF
0-2: Fly out, F8 (Flyball, 8RXD, EV 93.8 MPH)
Batting: LHB Chad Smith 0-0: Foul Ball, location: 9LMF
0-1: Called Strike
0-2: Strikes out swinging, 2-3 out at first.
Batting: RHB Luis Trevino 0-0: Ball
1-0: Foul Ball, location: 2F
1-1: Ball
2-1: Ball
3-1: DOUBLE (Groundball, 3L, EV 103.1 MPH)
Batting: LHB Raul Paredes 0-0: Ball
1-0: Swinging Strike
1-1: Ball
2-1: Foul Ball, location: 5F
2-2: Hit by Pitch
Batting: RHB Brent Little 0-0: Ball
1-0: Foul Ball, location: 9LSF
1-1: Swinging Strike
1-2: Strikes out swinging
Top of the 7th over - 0 runs, 1 hit, 0 errors, 2 left on base; Orem 7 - Great Falls 3
BOTTOM OF THE 7TH
Great Falls Voyagers batting - Pitching for Orem Owlz : RHP Juan Santiago
Batting: RHB Justin Cusick 0-0: Ball
1-0: Fly out, F5 (Popup, 56S, EV 75.6 MPH)
Batting: RHB Levi Wanamaker 0-0: Called Strike
0-1: Swinging Strike
0-2: Ball
1-2: Ball
2-2: Strikes out looking
Batting: RHB Andy Rossi 0-0: Ball
1-0: Ball
2-0: Ball
3-0: Called Strike
3-1: SINGLE (Line Drive, 6MD, EV 95.6 MPH)
Batting: RHB Miguel Sanchez 0-0: Ball
1-0: Fielders Choice at 2nd, 6-4 (Groundball, 6, EV 104.4 MPH)
Bottom of the 7th over - 0 runs, 1 hit, 0 errors, 1 left on base; Orem 7 - Great Falls 3
TOP OF THE 8TH
Orem Owlz batting - Pitching for Great Falls Voyagers : LHP Victor Gutierrez
Batting: RHB Ruben Hernandez 0-0: Swinging Strike
0-1: Ball
1-1: Foul Ball, location: 2RF
1-2: Ball
2-2: Foul Ball, location: 2RF
2-2: Ball
3-2: Foul Ball, location: 5F
3-2: Strikes out swinging
Batting: RHB Jim Unknown 0-0: Swinging Strike
0-1: Foul Ball, location: 2F
0-2: Ball
1-2: Foul Ball, location: 2LF
1-2: Strikes out swinging
Batting: RHB Dave Blair 0-0: Ball
1-0: Ball
2-0: Ball
3-0: Base on Balls
Pitching: LHP Travis Cole
Batting: RHB Adrian Harris 0-0: Ball
1-0: Called Strike
1-1: Foul Ball, location: 9LMF
1-2: Foul Ball, location: 2F
1-2: Strikes out swinging
Top of the 8th over - 0 runs, 0 hits, 0 errors, 1 left on base; Orem 7 - Great Falls 3
BOTTOM OF THE 8TH
Great Falls Voyagers batting - Pitching for Orem Owlz : RHP Juan Santiago
Pitching: RHP Alex Zarate
Batting: RHB Chris Heflin 0-0: Ball
1-0: Fly out, F8 (Line Drive, 8LS, EV 92.5 MPH)
Batting: RHB Adam Ambrose 0-0: SINGLE (Groundball, 23, EV 65.6 MPH) (infield hit)
Batting: SHB Nick Shumate 0-0: Called Strike
0-1: Ball
1-1: Fly out, F8 (Flyball, 8LM, EV 86.3 MPH)
Batting: LHB Sam Peters 0-0: Ball
1-0: Swinging Strike
1-1: Ball
2-1: Swinging Strike
2-2: Foul Ball, location: 3F
2-2: Foul Ball, location: 25FF
2-2: Strikes out looking
Bottom of the 8th over - 0 runs, 1 hit, 0 errors, 1 left on base; Orem 7 - Great Falls 3
TOP OF THE 9TH
Orem Owlz batting - Pitching for Great Falls Voyagers : LHP Travis Cole
Batting: LHB Ryan Tustin 0-0: Ball
1-0: SINGLE (Line Drive, 4D, EV 110.0 MPH)
Batting: LHB Chad Smith 0-0: Swinging Strike
0-1: Swinging Strike
0-2: Ball
1-2: Strikes out swinging
Batting: RHB Luis Trevino 0-0: Ball
1-0: Ball
2-0: Ball
3-0: Called Strike
3-1: Grounds into double play, 3-6-3 (Groundball, 34, EV 81.9 MPH)
Top of the 9th over - 0 runs, 1 hit, 0 errors, 0 left on base; Orem 7 - Great Falls 3
BOTTOM OF THE 9TH
Great Falls Voyagers batting - Pitching for Orem Owlz : RHP Alex Zarate
Pitching: RHP Vinny Garza
Batting: SHB Mitch Hickman 0-0: Ball
1-0: Foul Ball, location: 7LMF
1-1: Foul Ball, location: 2F
1-2: Strikes out looking
Pinch Hitting: LHB Greg Brown 0-0: Swinging Strike
0-1: Ball
1-1: Called Strike
1-2: Strikes out swinging
Batting: RHB Levi Wanamaker 0-0: Ball
1-0: Fly out, F9 (Line Drive, 9S, EV 97.5 MPH)
Bottom of the 9th over - 0 runs, 0 hits, 0 errors, 0 left on base; Orem 7 - Great Falls 3
Monday, May 13th , 2024 - OOTP Baseball 24.11 Build 85